 Dungeon Crawl Stone Soup version 0.25-a0-413-g3b4b6a4ccc (webtiles) character file.

Game seed: 13981536929090245480, levelgen mode: deterministic

502 Borgoz the Cudgeler (level 7, -1/44 HPs)
             Began as a Gargoyle Gladiator on Jan 14, 2020.
             Slain by an ogre
             ... wielding a +0 giant club
              (15 damage)
             ... on level 4 of the Dungeon.
             The game lasted 00:04:49 (3866 turns).

Borgoz the Cudgeler (Gargoyle Gladiator)            Turns: 3866, Time: 00:04:49

Health: -1/44      AC: 11    Str: 19    XL:     7   Next: 17%
Magic:  7/7        EV: 12    Int:  9    God:
Gold:   465        SH:  0    Dex: 11    Spells: 6/6 levels left

rFire    . . .     SeeInvis .   k - +0 morningstar
rCold    . . .     Gourm    .   (no shield)
rNeg     + . .     Faith    .   j - +0 ring mail
rPois    ∞         Spirit   .   c - +0 helmet
rElec    +         Reflect  .   (no cloak)
rCorr    .         Harm     .   (no gloves)
MR       .....                  (no boots)
Stlth    ..........             (no amulet)
HPRegen  0.14/turn              (no ring)
MPRegen  0.10/turn              (no ring)

@: confused, slowed, very slow
A: negative energy resistance 1, electricity resistance, unbreathing,
petrification resistance, rot immunity, AC +4
a: no special abilities


You were on level 4 of the Dungeon.
You were not hungry.

You visited 1 branch of the dungeon, and saw 4 of its levels.
You also visited: Ossuary.

You collected 465 gold pieces.

Inventory:

Hand Weapons
 k - a +0 morningstar (weapon)
Missiles
 d - 3 throwing nets (quivered)
Armour
 c - a +0 helmet (worn)
 j - a +0 ring mail (worn)
Scrolls
 b - a scroll of noise {unknown}
 e - 4 scrolls of identify
 n - a scroll of fog {unknown}
 p - a scroll of fear {unknown}
 r - a scroll of blinking {unknown}
 s - 3 scrolls of teleportation {unknown}
 u - a scroll of torment {unknown}
Potions
 a - a potion of lignification {unknown}
 g - a potion of berserk rage
 h - 3 potions of haste {unknown}
 i - 2 potions of mutation
 l - 2 potions of cancellation
 m - 2 potions of degeneration {unknown}
 o - 4 potions of curing {unknown}
 q - a potion of heal wounds {unknown}
 t - 2 potions of agility {unknown}
 v - a potion of ambrosia
Comestibles
 f - 9 rations


   Skills:
 + Level 4.6 Fighting
 + Level 4.6 Maces & Flails
 - Level 1.7 Throwing
 + Level 3.7 Armour
 + Level 3.8 Dodging


You had 6 spell levels left.
You didn't know any spells.
Your spell library was empty.

Dungeon Overview and Level Annotations

Branches:
Dungeon (4/15)            Ossuary (visited)
 Temple: D:4-7

Altars:
Kikubaaqudgha
Trog


Innate Abilities, Weirdness & Mutations

You are resistant to torment.
Your stone body is resilient. (AC +4)
You are immune to poison.
You resist negative energy. (rN+)
You are resistant to electric shocks. (rElec)
You can survive without breathing.
You are immune to petrification.
You are immune to rotting.


Message History

You sock the orc wizard!
The orc wizard is heavily wounded.
The orc wizard barely misses you.
The orc wizard hits you but does no damage.
The ogre closely misses you.
You hit the orc wizard.
The orc wizard is severely wounded.
The orc wizard hits you but does no damage. x2
The ogre hits you with a +0 giant club!!
Ouch! That really hurt!
* * * LOW HITPOINT WARNING * * *
You are too injured to fight recklessly!
You are too injured to fight recklessly!
You are confused.
You feel invigorated.
The orc wizard hits you but does no damage.
The orc wizard gestures at you while chanting.
You feel yourself slow down. The ogre hits you with a +0 giant club!
You die...

#........#####.#####......
#........#.....# #......
#..........##### #......
#.#######.## ##...(..
######....# #..#####
****##Z#._..# *#.#.....
**,,,####....# #....####
**,,,.#######.## #..###
*,,,,.......O@.# ###*
*,,,,.....<)o..#
*,,,,..........#
*,,,,..........#
*,,,,..........#
**,,,.........##
**,,........##
***#########


You could see an ogre and an orc wizard.

Vanquished Creatures
  An ogre (D:4)
  Blork the orc (D:4)
  A scorpion (D:4)
  An iguana (D:4)
  2 orc wizards (D:4)
  8 mummies (Ossuary)
  Robin (D:4)
  3 adders
  2 worms
  A dart slug (D:1)
  3 leopard geckos
  5 orcs (D:4)
  8 bats
  2 giant cockroaches
  7 goblins
  5 hobgoblins
  7 jackals
  3 kobolds
  4 frilled lizards
  2 gnoll zombies (Ossuary)
  3 hobgoblin zombies (Ossuary)
  A kobold zombie (Ossuary)
  2 orc zombies (Ossuary)
  6 rats
79 creatures vanquished.

Vanquished Creatures (others)
  A human (D:4)
1 creature vanquished.

Grand Total: 80 creatures vanquished

Notes
Turn   | Place    | Note
-------+----------+-------------------------------------------
     0 | D:1      | Borgoz the Gargoyle Gladiator began the quest for the Orb.
     0 | D:1      | Reached XP level 1. HP: 12/12 MP: 1/1
    83 | D:1      | Reached XP level 2. HP: 11/18 MP: 2/2
   430 | D:1      | Reached skill level 1 in Armour
  1022 | D:2      | Reached XP level 3. HP: 22/22 MP: 3/3
  1701 | D:3      | Found a bloodstained altar of Trog.
  2192 | D:3      | Reached XP level 4. HP: 23/28 MP: 4/4
  2598 | D:4      | Noticed Robin
  2617 | D:4      | Killed Robin
  2676 | D:4      | Reached XP level 5. HP: 18/32 MP: 5/5
  2736 | D:4      | Found a sand-covered staircase.
  2742 | Ossuary  | Entered an ossuary
  3047 | Ossuary  | Reached XP level 6. HP: 38/38 MP: 6/6
  3233 | D:4      | Noticed Blork the orc
  3245 | D:4      | Killed Blork the orc
  3590 | D:4      | Reached XP level 7. HP: 44/44 MP: 7/7
  3848 | D:4      | Found an ancient bone altar of Kikubaaqudgha.
  3849 | D:4      | Noticed a human
  3853 | D:4      | Killed a human
  3864 | D:4      | HP: 2/44 [ogre/+0 giant club (27)]
  3866 | D:4      | Slain by an ogre

Levels and vault maps discovered:
D:1:      dpeg_arrival_houses_and_road, layout_loops_ring
D:2:      layout_basic
D:3:      layout_basic, bloody_trog
D:4:      layout_rooms, nicolae_ossuary_entry_plus, first_ration,
          tgw_kikubaaqudgha, uniq_robin, uniq_blork_the_orc

Skill      XL: |  1  2  3  4  5  6 |
---------------+-------------------+-----
Armour         | 1 2 3 |  3.7
Fighting       | 3 4 |  4.6
Dodging        | 3 |  3.8
Maces & Flails | 4 |  4.6
Throwing       | |  1.7

Action                   |  1- 3 |  4- 6 |  7- 9 || total
-------------------------+-------+-------+-------++-------
Melee: Flail             |   176 |    46 |       ||   222
       Morningstar       |       |    94 |    10 ||   104
Throw: Throwing net      |       |     1 |       ||     1
  Use: Scroll            |     5 |     3 |       ||     8
       Potion            |       |     4 |     1 ||     5
 Stab: Invisible         |       |     6 |       ||     6
  Eat: Chunk             |     4 |     5 |     1 ||    10
Armor: Leather armour    |    33 |       |       ||    33
       Ring mail         |    67 |    68 |     9 ||   144
Dodge: Dodged            |   137 |   136 |     8 ||   281

Table legend:
 A = Non-vault XP
 B = Vault XP
 C = Vault XP percentage of total XP
 D = Non-vault monster count
 E = Vault monster count
 F = Vault count percentage of total count
                 A         B        C        D         E       F
            +---------+---------+-------+---------+---------+-------
      Total |     443 |     275 |  38.3 |      54 |      25 |  31.6
            +---------+---------+-------+---------+---------+-------
        D:1 |      29 |       0 |   0.0 |      17 |       0 |   0.0
        D:2 |      15 |       0 |   0.0 |       6 |       0 |   0.0
        D:3 |      60 |       0 |   0.0 |      19 |       0 |   0.0
        D:4 |     339 |     124 |  26.8 |      12 |       9 |  42.9
    Ossuary |       0 |     151 | 100.0 |       0 |      16 | 100.0
            +---------+---------+-------+---------+---------+-------
